 Dungeon Crawl Stone Soup version 0.28-a0-1190-g77e1c55843 (console) character file.

Game seed: 3368726040010681660

63 Goblin1989 the Sneak (level 3, 0/27 HPs)
             Began as a Demonspawn Brigand on Dec 19, 2021.
             Slain by Sigmund (4 damage)
             ... on level 2 of the Dungeon.
             The game lasted 00:06:13 (1996 turns).

Goblin1989 the Sneak (Demonspawn Brigand)           Turns: 1996, Time: 00:06:14

Health: 0/27       AC:  4    Str: 13    XL:     3   Next: 89%
Magic:  3/3        EV: 11    Int: 12    God:
Gold:   65         SH:  0    Dex: 14    Spells: 2/2 levels left

rFire   . . .      SeeInvis .   a - +2 dagger
rCold   . . .      Faith    .   (no shield)
rNeg    . . .      Spirit   .   b - +0 robe
rPois   .          Reflect  .   (no helmet)
rElec   .          Harm     .   (no cloak)
rCorr   .          Rampage  .   (no gloves)
Will    .....                   (no boots)
Stlth   +++.......              (no amulet)
HPRegen 0.09/turn               (no ring)
MPRegen 0.08/turn               (no ring)

@: no status effects
A: molten scales 1, powered by pain 1
a: no special abilities


You were on level 2 of the Dungeon.
You visited 1 branch of the dungeon, and saw 2 of its levels.

You collected 65 gold pieces.

Inventory:

Hand Weapons
 a - a +2 dagger (weapon)
Missiles
 d - 15 poisoned darts (quivered)
Armour
 b - a +0 robe (worn)
 c - a +0 cloak
Magical Staves
 s - a staff of poison
Jewellery
 l - a ring of flight
 r - a +6 ring of strength
Scrolls
 n - 2 scrolls of blinking {unknown}
 o - a scroll of fear {unknown}
 p - a scroll of teleportation {unknown}
 q - a scroll of silence {unknown}
Potions
 m - a potion of brilliance {unknown}
 t - a potion of invisibility {unknown}


   Skills:
 - Level 2.0 Fighting
 + Level 2.9 Short Blades
 - Level 2.0 Throwing
 - Level 0.8 Dodging
 + Level 4.4 Stealth


You had 2 spell levels left.
You didn't know any spells.
Your spell library was empty.

Dungeon Overview and Level Annotations

Branches:
Dungeon (2/15)

Altars:

Annotations:
D:2 Sigmund


Innate Abilities, Weirdness & Mutations

You are partially covered in molten scales. (AC +2)
You sometimes gain a little power by taking damage.


Message History

The hobgoblin shouts!
Throw: 21 darts (poison)
Press: ? - help, Q - select action, (/) - cycle Shift-Dir - straight line, f/p - Sigmund
Aim: Sigmund, wielding a +0 scythe and wearing a +0 robe (lightly wounded, very poisoned, slow, 57% to hit)
You throw a poisoned dart.
The poisoned dart closely misses Sigmund.
Sigmund drinks a potion.
Sigmund is healed!
Sigmund looks more healthy.
Throw: 20 darts (poison)
Press: ? - help, Q - select action, (/) - cycle Shift-Dir - straight line, f/p - Sigmund
Aim: Sigmund, wielding a +0 scythe and wearing a +0 robe (slow, 57% to hit)
You throw a poisoned dart. The poisoned dart hits the hobgoblin.
The hobgoblin is poisoned.
Throw: 19 darts (poison)
Press: ? - help, Q - select action, (/) - cycle Shift-Dir - straight line, f/p - Sigmund
Aim: Sigmund, wielding a +0 scythe and wearing a +0 robe (slow, 57% to hit)
You throw a poisoned dart. The poisoned dart hits the hobgoblin.
The hobgoblin looks even sicker.
The hobgoblin is heavily wounded.
The hobgoblin hits you.
You take 3 damage, and have 24/27 hp.
Throw: 18 darts (poison)
Press: ? - help, Q - select action, (/) - cycle Shift-Dir - straight line, f/p - Sigmund
Aim: Sigmund, wielding a +0 scythe and wearing a +0 robe (slow, 57% to hit)
You throw a poisoned dart. The poisoned dart hits the hobgoblin.
The hobgoblin looks even sicker.
The hobgoblin is heavily wounded.
Throw: 17 darts (poison)
Press: ? - help, Q - select action, (/) - cycle Shift-Dir - straight line, f/p - Sigmund
Aim: Sigmund, wielding a +0 scythe and wearing a +0 robe (slow, 57% to hit)
You throw a poisoned dart.
The poisoned dart barely misses the hobgoblin.
The poisoned dart barely misses Sigmund.
The hobgoblin closely misses you. Sigmund closely misses you.
Throw: 16 darts (poison)
Press: ? - help, Q - select action, (/) - cycle Shift-Dir - straight line, f - hobgoblin
Aim: a hobgoblin (severely wounded, very poisoned, 60% to hit)
You throw a poisoned dart.
The poisoned dart closely misses the hobgoblin.
The hobgoblin hits you but does no damage.
You kill the hobgoblin!
Sigmund barely misses you.
You hit Sigmund.
Sigmund is lightly wounded.
You hit Sigmund.
Sigmund is lightly wounded.
You hit Sigmund.
Sigmund is lightly wounded.
Sigmund barely misses you.
You hit Sigmund but do no damage.
Sigmund is lightly wounded.
You hit Sigmund.
Sigmund is moderately wounded.
Sigmund is no longer moving slowly.
You hit Sigmund.
Sigmund is heavily wounded.
Sigmund hits you with a +0 scythe.
You take 3 damage, and have 23/27 hp.
You hit Sigmund.
Sigmund is heavily wounded.
Sigmund hits you with a +0 scythe!
* * * LOW HITPOINT WARNING * * *
You take 11 damage, and have 12/27 hp.
MASSIVE DAMAGE!!
Throw: dart (curare)
Press: ? - help, Q - select action, (/) - cycle Shift-Dir - straight line, f - Sigmund
Aim: Sigmund, wielding a +0 scythe and wearing a +0 robe (heavily wounded, 57% to hit)
You throw a curare-tipped dart.
The curare-tipped dart closely misses Sigmund.
You hit Sigmund.
Sigmund is heavily wounded.
Sigmund casts a spell at you. The puff of flame hits you.
* * * LOW HITPOINT WARNING * * *
You take 2 damage, and have 10/27 hp.
You hit Sigmund.
Sigmund is severely wounded.
Sigmund misses you.
You closely miss Sigmund.
Sigmund is severely wounded.
You closely miss Sigmund.
Sigmund is severely wounded.
Sigmund barely misses you.
You hit Sigmund.
Sigmund is severely wounded.
You closely miss Sigmund.
Sigmund is severely wounded.
Sigmund hits you but does no damage.
You hit Sigmund.
Sigmund is almost dead.
Sigmund casts a spell.
Sigmund flickers and vanishes!
Deactivating autopickup; reactivate with Ctrl-A.
You hit something. You hit something but do no damage.
You hear some strange, mumbled words.
A magic dart appears from out of thin air!
The magic dart hits you!
* * * LOW HITPOINT WARNING * * *
You take 6 damage, and have 4/27 hp.
MASSIVE DAMAGE!!
You hit something. Something hits you.
You die... █████████████

█████████...@{.....(.
█......██.█..█(...███
.█.....†██.█..█@...█
.........▲>.█..█.(..█ █
█.█......█..█......... .█
█.█.███████.█.█.....(.███
█.█
█...........█.███████.█
█.█ █.█................
█.█ █.█
█.......█████..████ █.█
█.█


There were no monsters in sight!

Vanquished Creatures
  2 adders (D:2)
  2 dart slugs
  3 ball pythons (D:1)
  3 endoplasms
  5 giant cockroaches
  5 goblins
  4 hobgoblins
  2 quokkas
  2 bats (D:1)
  A frilled lizard (D:1)
  3 kobolds
  4 rats
36 creatures vanquished.

Vanquished Creatures (others)
  A plant (D:1)
1 creature vanquished.

Grand Total: 37 creatures vanquished

Notes
Turn   | Place    | Note
-------+----------+-------------------------------------------
     0 | D:1      | Goblin1989 the Demonspawn Brigand began the quest for the
                  | Orb.
     0 | D:1      | Reached XP level 1. HP: 16/16 MP: 1/1
   297 | D:1      | Gained mutation: You are partially covered in molten
                  | scales. (AC +2) [demonic ancestry]
   297 | D:1      | Reached XP level 2. HP: 17/22 MP: 2/2
   721 | D:1      | Reached skill level 4 in Stealth
   957 | D:1      | Found a faded altar of an unknown god.
  1351 | D:2      | Gained mutation: You sometimes gain a little power by
                  | taking damage. [demonic ancestry]
  1351 | D:2      | Reached XP level 3. HP: 25/27 MP: 3/3
  1965 | D:2      | Noticed Sigmund
  1996 | D:2      | Slain by Sigmund

Illustrated notes

Levels and vault maps discovered:
D:1:      dpeg_arrival_ternary, layout_basic,
          dreamdust_ecumenical_altar_hidden_monk_grotto,
          ebering_dispersal_statue_hall, nicolae_concentric_dashed_squares_wild,
          grunt_decor_arrowhead, chequers_decorated_corner, dk_noncrumbling_3
D:2:      layout_basic, minmay_misc_feat_rugged, uniq_sigmund

Skill      XL: |  1  2 |
---------------+-------+-----
Throwing       | 2 |  2.0
Short Blades   | 2 |  2.9
Stealth        | 4 |  4.4
Fighting       | |  2.0
Dodging        | |  0.8

Action                   || total
-------------------------++-------
Melee: Dagger            ||   119
Throw: Dart              ||     9
 Stab: Sleeping          ||     8
Armor: Robe              ||    22
Dodge: Dodged            ||    49

Table legend: (Time is in decaauts)
 A = Elapsed time spent in this place.
 B = Non-inter-level travel time spent in this place.
 C = Inter-level travel time spent in this place.
 D = Time resting spent in this place.
 E = Time spent auto-exploring this place.
 F = Levels seen in this place.
 G = Mean time per level.
                   A        B        C        D        E       F      G
               +--------+--------+--------+--------+--------+-----+--------+
         Total |   1980 |   1829 |    151 |      0 |   1543 |   2 |  990.0 |
       Dungeon |   1980 |   1829 |    151 |      0 |   1543 |   2 |  990.0 |
               +--------+--------+--------+--------+--------+-----+--------+

Top non-repeatable levels by time:
     D:1: 1321 daAuts
     D:2: 659 daAuts
